[Event "Josef Kupper Memorial 2019"]
[Site "Zurich"]
[Date "2019.08.17"]
[Round "5.9"]
[White "Idani, Pouya"]
[Black "Krishna C R G"]
[Result "1-0"]
[ECO "C11"]
[WhiteElo "2581"]
[BlackElo "2444"]
[Annotator "RC"]
[PlyCount "95"]
[EventDate "2019.08.14"]
[EventType "swiss"]
[EventCountry "SUI"]
[SourceTitle "playchess.com"]
[Source "ChessBase"]
[SourceQuality "1"]
[TimeControl "40/5400+30:1800+30"]

1. e4 e6 2. d4 d5 3. Nc3 Nf6 4. e5 Nfd7 5. f4 c5 6. Nf3 Nc6 7. Be3 Be7 8. Qd2 O-O 9. dxc5 Qa5 10. a3 Nxc5 11. O-O-O Rd8 12. Be2 Bd7 13. Kb1 Rac8 14. f5 Ne4 15. Nxe4 dxe4 16. Qxa5 Nxa5 17. f6 Bxa3 18. bxa3 exf3 19. gxf3 Ba4 20. Rxd8+ Rxd8 21. Rg1 g6 22. Rg4 b5 23. Bd3 Nc6 24. Re4 Rd5 25. f4 a6 26. Kc1 Rd7 27. Bc5 Rd5 28. Bd6 Na5 29. Be2 Nb7 30. Be7 Rd7 31. Bf3 Na5 32. Bd6 Nc4 33. Rd4 Ne3 34. Rd3 Nf5 35. Rc3 Rd8 36. Bb7 h5 37. Bxa6 h4 38. Rd3 Kh7 39. Bb7 Kh6 40. Bc5 Rxd3 41. cxd3 g5 42. fxg5+ Kxg5 43. Bc6 h3 44. Be8 Kg6 45. Kd2 Nh6 46. Ke3 Kf5 47. d4 Kg6 48. Ke4 1-0

[Event "Josef Kupper Memorial 2019"]
[Site "Zurich"]
[Date "2019.08.17"]
[Round "5.13"]
[White "Fischer, Daniel"]
[Black "Beerdsen, Thomas"]
[Result "1/2-1/2"]
[ECO "B48"]
[WhiteElo "2288"]
[BlackElo "2491"]
[Annotator "ChessBase"]
[PlyCount "92"]
[EventDate "2019.08.14"]
[EventType "swiss"]
[EventCountry "SUI"]
[SourceTitle "playchess.com"]
[Source "ChessBase"]
[SourceQuality "1"]
[TimeControl "40/5400+30:1800+30"]

1. e4 c5 2. Nf3 e6 3. d4 cxd4 4. Nxd4 Nc6 5. Nc3 Qc7 6. Be3 a6 7. Qd2 Nf6 8. O-O-O Bb4 9. f3 h5 10. Nxc6 bxc6 11. Bf4 e5 12. Bg5 Qa5 13. Bc4 d6 14. Qd3 Nd7 15. a3 Bc5 16. Ne2 Qa4 17. b4 f6 18. bxc5 fxg5 19. cxd6 Rb8 20. Qc3 Rh6 21. h4 gxh4 22. f4 Rg6 23. fxe5 Nc5 24. Nf4 Nxe4 25. Qd3 Bf5 26. d7+ Kd8 27. Nxg6 Nd6 28. Qc3 Ne4 29. Bb3 Nxc3 30. Bxa4 Bxg6 31. Bxc6 Rb1+ 32. Kd2 Rxd1+ 33. Rxd1 Nxd1 34. Kxd1 Bf5 35. c4 g5 36. Ke2 h3 37. gxh3 Bxh3 38. Kf2 Bxd7 39. Bxd7 Kxd7 40. c5 h4 41. Kf3 h3 42. Kg3 g4 43. Kh2 Ke6 44. c6 Ke7 45. Kg3 Ke6 46. Kh2 Kd5 1/2-1/2

[Event "Josef Kupper Memorial 2019"]
[Site "Zurich"]
[Date "2019.08.17"]
[Round "5.14"]
[White "Hort, Vlastimil"]
[Black "Florescu, Codrut-Constantin"]
[Result "1/2-1/2"]
[ECO "B23"]
[WhiteElo "2400"]
[BlackElo "2314"]
[Annotator "ChessBase"]
[PlyCount "62"]
[EventDate "2019.08.14"]
[EventType "swiss"]
[EventCountry "SUI"]
[SourceTitle "playchess.com"]
[Source "ChessBase"]
[SourceQuality "1"]
[TimeControl "40/5400+30:1800+30"]

1. e4 c5 2. Nc3 Nc6 3. Nge2 e6 4. g3 a6 5. Bg2 Qc7 6. O-O Nf6 7. a3 Be7 8. d3 O-O 9. h3 Rb8 10. g4 h6 11. f4 d6 12. Be3 b5 13. Qd2 b4 14. Nd1 bxa3 15. bxa3 d5 16. g5 d4 17. gxf6 dxe3 18. Nxe3 Bxf6 19. Rab1 Bd7 20. Nc4 Nd4 21. e5 Be7 22. Kh1 Rxb1 23. Rxb1 Rb8 24. Ra1 Bb5 25. Ne3 f6 26. a4 Bd7 27. Nxd4 cxd4 28. Nc4 f5 29. Bf3 Bc6 30. Qg2 Bxf3 31. Qxf3 Qb7 1/2-1/2

[Event "Josef Kupper Memorial 2019"]
[Site "Zurich"]
[Date "2019.08.17"]
[Round "5.15"]
[White "Chandra, Akshat"]
[Black "Csajka, Felix"]
[Result "1-0"]
[ECO "A45"]
[WhiteElo "2528"]
[BlackElo "2186"]
[Annotator "ChessBase"]
[PlyCount "79"]
[EventDate "2019.08.14"]
[EventType "swiss"]
[EventCountry "SUI"]
[SourceTitle "playchess.com"]
[Source "ChessBase"]
[SourceQuality "1"]
[TimeControl "40/5400+30:1800+30"]

1. d4 Nf6 2. Bf4 g6 3. Nc3 d5 4. e3 Bg7 5. h4 c5 6. Nb5 Na6 7. c3 Qb6 8. a4 c4 9. b3 cxb3 10. Qxb3 Qa5 11. Nf3 Bd7 12. Bd3 Bc6 13. O-O Qd8 14. Ne5 Nd7 15. Nxc6 bxc6 16. Nd6+ exd6 17. Bxa6 O-O 18. Bxd6 Qxh4 19. Qb7 Rad8 20. Bxf8 Bxf8 21. g3 Qh3 22. Qc7 Be7 23. Rfe1 Qe6 24. Bc8 h5 25. Rab1 h4 26. Bxd7 Rxd7 27. Rb8+ Kg7 28. Qe5+ Qxe5 29. dxe5 hxg3 30. f4 f6 31. Reb1 fxe5 32. R1b7 Rxb7 33. Rxb7 Kf6 34. fxe5+ Ke6 35. Rxa7 Bc5 36. Rb7 Bxe3+ 37. Kg2 c5 38. a5 c4 39. a6 Kxe5 40. Re7+ 1-0

[Event "Josef Kupper Memorial 2019"]
[Site "Zurich"]
[Date "2019.08.17"]
[Round "5.16"]
[White "Chennaoui, Yasin"]
[Black "Tan, Justin"]
[Result "0-1"]
[ECO "A34"]
[WhiteElo "2092"]
[BlackElo "2503"]
[Annotator "ChessBase"]
[PlyCount "61"]
[EventDate "2019.08.14"]
[EventType "swiss"]
[EventCountry "SUI"]
[SourceTitle "playchess.com"]
[Source "ChessBase"]
[SourceQuality "1"]
[TimeControl "40/5400+30:1800+30"]

1. c4 c5 2. Nc3 g6 3. Nf3 Bg7 4. e3 Nf6 5. d4 O-O 6. Be2 cxd4 7. exd4 d5 8. cxd5 Nxd5 9. h4 Bg4 10. Qb3 Nb6 11. Be3 Nc6 12. d5 Bxc3+ 13. bxc3 Qxd5 14. c4 Qa5+ 15. Kf1 Rad8 16. c5 Nd5 17. Bh6 Rfe8 18. h5 Qc3 19. Rb1 Bxh5 20. Rh4 Bxf3 21. Bxf3 Qf6 22. Bxd5 Qxh4 23. Bxf7+ Kh8 24. Be3 Rf8 25. Kg1 Nd4 26. Qc4 Ne2+ 27. Kf1 Ng3+ 28. fxg3 Qxc4+ 29. Ke1 Rxf7 30. Bd4+ Qxd4 31. Rxb7 0-1

[Event "Josef Kupper Memorial 2019"]
[Site "Zurich"]
[Date "2019.08.17"]
[Round "6.9"]
[White "Bogner, Sebastian"]
[Black "Harsha Bharathakoti"]
[Result "1/2-1/2"]
[ECO "D38"]
[WhiteElo "2569"]
[BlackElo "2489"]
[Annotator "ChessBase"]
[PlyCount "77"]
[EventDate "2019.08.14"]
[EventType "swiss"]
[EventCountry "SUI"]
[SourceTitle "playchess.com"]
[Source "ChessBase"]
[SourceQuality "1"]
[TimeControl "40/5400+30:1800+30"]

1. d4 Nf6 2. c4 e6 3. Nf3 d5 4. Nc3 Bb4 5. Qa4+ Nc6 6. Bg5 dxc4 7. e4 Bd7 8. Qc2 h6 9. Bd2 b5 10. Nxb5 Bxd2+ 11. Nxd2 a6 12. Na3 Nxd4 13. Qxc4 Bb5 14. Qc5 Qd6 15. Rc1 O-O 16. f3 Rfc8 17. Rc3 e5 18. Kf2 Qe6 19. Nb3 Nxb3 20. axb3 Rd8 21. Qe3 Rd1 22. Rg1 Bxf1 23. Rxf1 Rxf1+ 24. Kxf1 Rb8 25. Nc4 Rb5 26. Nd2 Ne8 27. Qd3 Kh7 28. Qc4 Qd7 29. Ke2 Rb6 30. Rd3 Qe7 31. g3 Nd6 32. Qc5 Qe6 33. Kf2 Qe7 34. Rc3 Qg5 35. Qe3 Qe7 36. Qc5 Qg5 37. Qe3 Qe7 38. Qc5 Qg5 39. Qe3 1/2-1/2

[Event "Josef Kupper Memorial 2019"]
[Site "Zurich"]
[Date "2019.08.17"]
[Round "6.10"]
[White "Theodorou, Nikolas"]
[Black "Arjun Kalyan"]
[Result "1-0"]
[ECO "E04"]
[WhiteElo "2548"]
[BlackElo "2482"]
[Annotator "ChessBase"]
[PlyCount "75"]
[EventDate "2019.08.14"]
[EventType "swiss"]
[EventCountry "SUI"]
[SourceTitle "playchess.com"]
[Source "ChessBase"]
[SourceQuality "1"]
[TimeControl "40/5400+30:1800+30"]

1. d4 d5 2. c4 e6 3. Nf3 Nf6 4. g3 dxc4 5. Bg2 Nc6 6. O-O Rb8 7. b3 cxb3 8. axb3 a6 9. Bb2 Be7 10. Nbd2 O-O 11. Nc4 Nd5 12. e4 Ndb4 13. Ne3 b6 14. h4 Na5 15. h5 h6 16. Ne5 c5 17. d5 exd5 18. exd5 Re8 19. Re1 Bf6 20. f4 Nb7 21. Nc2 Bg4 22. Qd2 Bxe5 23. fxe5 Nxc2 24. Qxc2 Bxh5 25. Rxa6 f6 26. Qf5 g6 27. Qb1 Qc7 28. g4 Bxg4 29. Qxg6+ Qg7 30. Qxg7+ Kxg7 31. Rxb6 Na5 32. exf6+ Kf7 33. Rxe8 Rxb6 34. Re7+ Kf8 35. Be5 Nxb3 36. d6 Nd4 37. d7 Rb1+ 38. Kh2 1-0

[Event "Josef Kupper Memorial 2019"]
[Site "Zurich"]
[Date "2019.08.17"]
[Round "6.11"]
[White "Sukandar, Irine Kharisma"]
[Black "Puranik, Abhimanyu"]
[Result "1/2-1/2"]
[ECO "C44"]
[WhiteElo "2385"]
[BlackElo "2550"]
[Annotator "ChessBase"]
[PlyCount "58"]
[EventDate "2019.08.14"]
[EventType "swiss"]
[EventCountry "SUI"]
[SourceTitle "playchess.com"]
[Source "ChessBase"]
[SourceQuality "1"]
[TimeControl "40/5400+30:1800+30"]

1. e4 e5 2. Nf3 Nc6 3. d4 exd4 4. Nxd4 Qf6 5. Nb3 Qg6 6. f3 Bd6 7. Nc3 Nge7 8. g3 O-O 9. Bg2 Be5 10. O-O Bxc3 11. bxc3 d6 12. Nd4 Bd7 13. f4 f6 14. Qd3 Rfe8 15. Bd2 Rad8 16. Rab1 b6 17. Nb5 Rc8 18. c4 Qh5 19. Nc3 Nb4 20. Rxb4 Qc5+ 21. Kh1 Qxb4 22. e5 f5 23. Re1 Qc5 24. Be3 Qa3 25. Bc1 Qa5 26. Bd2 Qc5 27. Be3 Qa3 28. Bc1 Qb4 29. Bd2 Qc5 1/2-1/2

[Event "Josef Kupper Memorial 2019"]
[Site "Zurich"]
[Date "2019.08.17"]
[Round "6.12"]
[White "Florescu, Codrut-Constantin"]
[Black "Chandra, Akshat"]
[Result "0-1"]
[ECO "A45"]
[WhiteElo "2314"]
[BlackElo "2528"]
[Annotator "ChessBase"]
[PlyCount "70"]
[EventDate "2019.08.14"]
[EventType "swiss"]
[EventCountry "SUI"]
[SourceTitle "playchess.com"]
[Source "ChessBase"]
[SourceQuality "1"]
[TimeControl "40/5400+30:1800+30"]

1. d4 Nf6 2. Bf4 c5 3. d5 d6 4. Nc3 a6 5. e4 b5 6. Nf3 b4 7. Na4 Bd7 8. b3 Bxa4 9. bxa4 Nxe4 10. Bc4 g6 11. O-O Bg7 12. Qd3 Nc3 13. Rae1 O-O 14. Ng5 Nd7 15. h4 Nf6 16. Re3 Qd7 17. Rfe1 Rae8 18. Rh3 Qf5 19. Qxf5 gxf5 20. Rd3 a5 21. Bc1 Ng4 22. Nf3 Nxa4 23. Bb5 Nc3 24. Bxe8 Rxe8 25. Bg5 Kf8 26. h5 h6 27. Bd2 Ne4 28. Be3 c4 29. Rdd1 Nc3 30. Rd2 Nxe3 31. fxe3 Nxa2 32. Nd4 a4 33. Rb1 a3 34. c3 Nxc3 35. Rxb4 Bxd4 0-1

[Event "Josef Kupper Memorial 2019"]
[Site "Zurich"]
[Date "2019.08.17"]
[Round "6.13"]
[White "Tan, Justin"]
[Black "Fischer, Daniel"]
[Result "1-0"]
[ECO "A40"]
[WhiteElo "2503"]
[BlackElo "2288"]
[Annotator "ChessBase"]
[PlyCount "67"]
[EventDate "2019.08.14"]
[EventType "swiss"]
[EventCountry "SUI"]
[SourceTitle "playchess.com"]
[Source "ChessBase"]
[SourceQuality "1"]
[TimeControl "40/5400+30:1800+30"]

1. d4 Nf6 2. c4 e6 3. g3 c5 4. Nf3 cxd4 5. Nxd4 d5 6. Bg2 e5 7. Nf3 d4 8. O-O Nc6 9. Bg5 Be7 10. Na3 Be6 11. Nd2 h6 12. Bxf6 Bxf6 13. Qa4 Qd7 14. b4 a5 15. b5 Nb4 16. c5 Bd5 17. Nac4 Bxg2 18. Kxg2 Qd5+ 19. Kg1 Qxc5 20. Ne4 Qe7 21. Ncd6+ Kf8 22. Qb3 Qe6 23. Qxe6 fxe6 24. Nxb7 Ke7 25. Rfc1 Nd5 26. a4 Ra7 27. Nbd6 Kd7 28. Rc6 Rc7 29. Rac1 Rb8 30. Rxc7+ Nxc7 31. Rc6 Nd5 32. Nc5+ Ke7 33. Nc4 Nc3 34. Rc7+ 1-0

[Event "Josef Kupper Memorial 2019"]
[Site "Zurich"]
[Date "2019.08.17"]
[Round "6.14"]
[White "Beerdsen, Thomas"]
[Black "Kiremitciyan, Ari"]
[Result "1-0"]
[ECO "C10"]
[WhiteElo "2491"]
[BlackElo "2276"]
[Annotator "ChessBase"]
[PlyCount "101"]
[EventDate "2019.08.14"]
[EventType "swiss"]
[EventCountry "SUI"]
[SourceTitle "playchess.com"]
[Source "ChessBase"]
[SourceQuality "1"]
[TimeControl "40/5400+30:1800+30"]

1. e4 e6 2. d4 d5 3. Nd2 dxe4 4. Nxe4 Bd7 5. Nf3 Bc6 6. Ned2 Nd7 7. Nc4 Ngf6 8. Be2 Be7 9. O-O Bxf3 10. Bxf3 c6 11. Bf4 O-O 12. Bg3 Nb6 13. Ne5 Nfd7 14. Nd3 Bh4 15. Bd6 Be7 16. Bg3 Bh4 17. Bd6 Be7 18. Bxe7 Qxe7 19. c3 Rfe8 20. Re1 Qd6 21. a4 a5 22. Qb3 Qc7 23. Re2 Nf8 24. g3 Rab8 25. Rae1 Red8 26. h4 Nbd7 27. Qa3 Nf6 28. Ne5 Nd5 29. Re4 Qe7 30. Qb3 Nf6 31. Rf4 Ng6 32. Nxg6 hxg6 33. Re5 Qc7 34. h5 gxh5 35. Rg5 Nd5 36. Rh4 Nf6 37. c4 g6 38. Qc3 Nh7 39. Rxa5 Ra8 40. Re5 Rxa4 41. Bxh5 Qe7 42. Qe3 Nf8 43. Be2 Qf6 44. Ree4 Ra1+ 45. Kg2 Rda8 46. Bd3 Qg7 47. Rh3 Rd8 48. Bc2 Raa8 49. Reh4 Ra1 50. Qf4 Re1 51. Rh8+ 1-0

[Event "Josef Kupper Memorial 2019"]
[Site "Zurich"]
[Date "2019.08.17"]
[Round "6.15"]
[White "Habibi, Ali"]
[Black "Karthik Venkataraman"]
[Result "0-1"]
[ECO "A00"]
[WhiteElo "2186"]
[BlackElo "2462"]
[Annotator "ChessBase"]
[PlyCount "120"]
[EventDate "2019.08.14"]
[EventType "swiss"]
[EventCountry "SUI"]
[SourceTitle "playchess.com"]
[Source "ChessBase"]
[SourceQuality "1"]
[TimeControl "40/5400+30:1800+30"]

1. a3 g6 2. c4 Bg7 3. Nf3 d6 4. d4 Nf6 5. Nc3 O-O 6. h3 Nbd7 7. e3 e5 8. Be2 Re8 9. Qc2 Qe7 10. O-O e4 11. Nd2 h5 12. Re1 Nf8 13. Bf1 Bf5 14. b4 Ne6 15. Ne2 h4 16. Bb2 Ng5 17. Nf4 Ngh7 18. Rac1 c6 19. Qd1 Rac8 20. f3 exf3 21. Nxf3 Ne4 22. c5 d5 23. Ba1 Ng3 24. Bd3 Bxd3 25. Nxd3 Nf8 26. Nde5 Bf6 27. Qd3 Nd7 28. Bb2 a6 29. a4 Ra8 30. a5 Rad8 31. Rcd1 Bg7 32. Rd2 Nf6 33. Rc2 Nfe4 34. Qb3 Nf5 35. Ba1 Qe6 36. Bb2 Bf6 37. Ba1 Rc8 38. Bb2 Kg7 39. Qd3 Bd8 40. Ba1 f6 41. Ng4 Bc7 42. Bb2 Re7 43. Bc1 Rce8 44. Rb2 Qd7 45. Rc2 Re6 46. Rb2 Rh8 47. Rc2 Bb8 48. Rb2 Qc7 49. Rd1 Rh5 50. Re2 Nh6 51. Ngh2 Ng3 52. Ree1 Nf7 53. Ng4 Ne4 54. Re2 Nfg5 55. Nfh2 Qg3 56. Kh1 Nxh3 57. gxh3 Qxh3 58. Rg2 Rg5 59. Qc2 Rxg4 60. Rxg4 Bxh2 0-1

[Event "Josef Kupper Memorial 2019"]
[Site "Zurich"]
[Date "2019.08.17"]
[Round "6.16"]
[White "Krishna C R G"]
[Black "Doric, Nenad"]
[Result "1-0"]
[ECO "E04"]
[WhiteElo "2444"]
[BlackElo "2275"]
[Annotator "NA"]
[PlyCount "45"]
[EventDate "2019.08.14"]
[EventType "swiss"]
[EventCountry "SUI"]
[SourceTitle "playchess.com"]
[Source "ChessBase"]
[SourceQuality "1"]
[TimeControl "40/5400+30:1800+30"]

1. d4 Nf6 2. c4 e6 3. g3 d5 4. Nf3 dxc4 5. Bg2 c5 6. O-O Nc6 7. Qa4 Bd7 8. Qxc4 cxd4 9. Nxd4 Rc8 10. Nc3 Nxd4 11. Qxd4 Bc5 12. Qh4 O-O 13. Rd1 Qe7 14. Bg5 Bc6 15. Bxc6 Rxc6 16. Ne4 e5 17. Nxf6+ gxf6 18. Bh6 Qe6 19. Bxf8 Bxf8 20. Rac1 Be7 21. Rxc6 bxc6 22. Qa4 Bc5 23. Rc1 1-0

[Event "Josef Kupper Memorial 2019"]
[Site "Zurich"]
[Date "2019.08.18"]
[Round "7.1"]
[White "Donchenko, Alexander"]
[Black "Tabatabaei, M.amin"]
[Result "0-1"]
[ECO "A40"]
[WhiteElo "2618"]
[BlackElo "2601"]
[Annotator "ChessBase"]
[PlyCount "68"]
[EventDate "2019.08.14"]
[EventType "swiss"]
[EventCountry "SUI"]
[SourceTitle "playchess.com"]
[Source "ChessBase"]
[SourceQuality "1"]
[TimeControl "40/5400+30:1800+30"]

1. d4 e6 2. c4 b6 3. e4 Bb7 4. Nc3 Bb4 5. f3 e5 6. a3 Bxc3+ 7. bxc3 Ne7 8. Bd3 O-O 9. Nh3 f5 10. Qc2 f4 11. g3 Ng6 12. Qf2 d6 13. gxf4 exf4 14. Rg1 Bc8 15. Ng5 Qe8 16. Ra2 h6 17. h4 Nc6 18. Ne6 Bxe6 19. Qg2 Rf6 20. h5 Na5 21. d5 Nb3 22. Bb2 Nc5 23. Bc2 Bf7 24. Ra1 Qe5 25. Qg4 Be8 26. Kd2 Bd7 27. Qg2 Qxh5 28. e5 dxe5 29. Bxg6 Rxg6 30. Qxg6 Qxg6 31. Rxg6 Nb3+ 32. Ke2 Nxa1 33. Bxa1 Kf7 34. Rg1 c5 0-1

[Event "Josef Kupper Memorial 2019"]
[Site "Zurich"]
[Date "2019.08.18"]
[Round "7.4"]
[White "Idani, Pouya"]
[Black "Bogner, Sebastian"]
[Result "1/2-1/2"]
[ECO "C42"]
[WhiteElo "2581"]
[BlackElo "2569"]
[Annotator "ChessBase"]
[PlyCount "67"]
[EventDate "2019.08.14"]
[EventType "swiss"]
[EventCountry "SUI"]
[SourceTitle "playchess.com"]
[Source "ChessBase"]
[SourceQuality "1"]
[TimeControl "40/5400+30:1800+30"]

1. e4 e5 2. Nf3 Nf6 3. Nxe5 d6 4. Nf3 Nxe4 5. Qe2 Qe7 6. d3 Nf6 7. Bg5 Qxe2+ 8. Bxe2 Be7 9. Nc3 h6 10. Bd2 Nc6 11. Nb5 Bd8 12. c4 O-O 13. O-O-O Re8 14. Rde1 Bd7 15. Bd1 a6 16. Rxe8+ Bxe8 17. Nbd4 Ne7 18. h3 Bd7 19. Re1 Rc8 20. Nb3 Ng6 21. d4 c5 22. dxc5 dxc5 23. Ne5 Nxe5 24. Rxe5 b6 25. Bf3 Bc7 26. Re1 Be6 27. Bb7 Rb8 28. Bxa6 Ra8 29. Bb5 Rxa2 30. g4 h5 31. f3 hxg4 32. hxg4 Nh7 33. Kc2 Nf8 34. Nc1 1/2-1/2

[Event "Josef Kupper Memorial 2019"]
[Site "Zurich"]
[Date "2019.08.18"]
[Round "7.6"]
[White "Bauer, Christian"]
[Black "Tan, Justin"]
[Result "1-0"]
[ECO "C78"]
[WhiteElo "2626"]
[BlackElo "2503"]
[Annotator "ChessBase"]
[PlyCount "81"]
[EventDate "2019.08.14"]
[EventType "swiss"]
[EventCountry "SUI"]
[SourceTitle "playchess.com"]
[Source "ChessBase"]
[SourceQuality "1"]
[TimeControl "40/5400+30:1800+30"]

1. e4 e5 2. Nf3 Nc6 3. Bb5 a6 4. Ba4 Nf6 5. O-O b5 6. Bb3 Bb7 7. d3 Be7 8. Nc3 O-O 9. Bd2 d6 10. a3 Qd7 11. Re1 Nd8 12. Ne2 Ne6 13. Ng3 Rfe8 14. Nf5 Bf8 15. Ba2 c5 16. h3 c4 17. b3 cxd3 18. cxd3 Nf4 19. Bxf4 exf4 20. N5d4 a5 21. Qd2 d5 22. e5 Nh5 23. b4 axb4 24. axb4 Ra4 25. Rab1 Rea8 26. Rb2 R8a6 27. Bb1 Be7 28. Bc2 Ra3 29. Bd1 Rh6 30. Nh2 Bc8 31. Bg4 Qb7 32. Bxc8 Qxc8 33. Rc2 Qe8 34. Rec1 Ra8 35. Qe2 f3 36. Qxf3 Bg5 37. Re1 Bf4 38. Ng4 Rg6 39. g3 Qe7 40. gxf4 Qxb4 41. Rec1 1-0

[Event "Josef Kupper Memorial 2019"]
[Site "Zurich"]
[Date "2019.08.18"]
[Round "7.8"]
[White "Bluebaum, Matthias"]
[Black "Zysk, Robert"]
[Result "1-0"]
[ECO "E46"]
[WhiteElo "2619"]
[BlackElo "2404"]
[Annotator "ChessBase"]
[PlyCount "49"]
[EventDate "2019.08.14"]
[EventType "swiss"]
[EventCountry "SUI"]
[SourceTitle "playchess.com"]
[Source "ChessBase"]
[SourceQuality "1"]
[TimeControl "40/5400+30:1800+30"]

1. d4 Nf6 2. c4 e6 3. Nc3 Bb4 4. e3 O-O 5. Bd2 b6 6. Nf3 Bb7 7. Bd3 Bxc3 8. Bxc3 Ne4 9. Bxe4 Bxe4 10. d5 c5 11. Nd2 Bg6 12. h4 exd5 13. cxd5 h6 14. Qg4 h5 15. Qf3 Qe8 16. g4 f6 17. Rg1 Na6 18. Qf4 Kh7 19. gxh5 Bxh5 20. a3 Qf7 21. Ne4 Qxd5 22. Rxg7+ Kxg7 23. Nxf6 Qh1+ 24. Kd2 Qg2 25. Ng4+ 1-0

[Event "Josef Kupper Memorial 2019"]
[Site "Zurich"]
[Date "2019.08.18"]
[Round "7.9"]
[White "Vaibhav, Suri"]
[Black "Krishna C R G"]
[Result "1-0"]
[ECO "C18"]
[WhiteElo "2591"]
[BlackElo "2444"]
[Annotator "ChessBase"]
[PlyCount "75"]
[EventDate "2019.08.14"]
[EventType "swiss"]
[EventCountry "SUI"]
[SourceTitle "playchess.com"]
[Source "ChessBase"]
[SourceQuality "1"]
[TimeControl "40/5400+30:1800+30"]

1. e4 e6 2. d4 d5 3. Nc3 Bb4 4. e5 c5 5. a3 Bxc3+ 6. bxc3 Ne7 7. h4 Nbc6 8. h5 h6 9. Qg4 Nf5 10. Bd3 O-O 11. Ne2 Qa5 12. Bd2 Qa4 13. Qh3 Nfe7 14. Qg3 Kh8 15. dxc5 Nf5 16. Qf4 Qxf4 17. Bxf4 f6 18. g4 fxe5 19. gxf5 exf4 20. Nxf4 Ne5 21. Ng6+ Nxg6 22. fxg6 e5 23. c4 Be6 24. Rh4 Rac8 25. Rb1 Rxc5 26. Rxb7 dxc4 27. Be4 Ra5 28. Re7 Bc8 29. f3 c3 30. Kf2 Rxa3 31. Rxe5 Bd7 32. Re7 Bb5 33. Rc7 Ra1 34. Rf4 Rf1+ 35. Kg3 Rd8 36. Rff7 Rg1+ 37. Kf4 Rg8 38. Bd5 1-0

[Event "Josef Kupper Memorial 2019"]
[Site "Zurich"]
[Date "2019.08.18"]
[Round "7.10"]
[White "Harsha Bharathakoti"]
[Black "Epishin, Vladimir"]
[Result "1-0"]
[ECO "D56"]
[WhiteElo "2489"]
[BlackElo "2553"]
[Annotator "ChessBase"]
[PlyCount "79"]
[EventDate "2019.08.14"]
[EventType "swiss"]
[EventCountry "SUI"]
[SourceTitle "playchess.com"]
[Source "ChessBase"]
[SourceQuality "1"]
[TimeControl "40/5400+30:1800+30"]

1. d4 d5 2. c4 e6 3. Nf3 Nf6 4. Bg5 Be7 5. e3 h6 6. Bh4 O-O 7. Nc3 Ne4 8. Bxe7 Qxe7 9. Rc1 c6 10. Bd3 Nxc3 11. Rxc3 dxc4 12. Bxc4 Nd7 13. O-O b6 14. Bd3 c5 15. Bb5 Rd8 16. Qa4 Bb7 17. Bxd7 Bxf3 18. gxf3 Rxd7 19. dxc5 bxc5 20. Rxc5 Qxc5 21. Qxd7 Qc2 22. b4 Qxa2 23. Rc1 a6 24. Kg2 Qd5 25. Rc8+ Rxc8 26. Qxc8+ Kh7 27. Qxa6 Qg5+ 28. Kf1 Qf5 29. Qe2 Qb1+ 30. Qe1 Qd3+ 31. Qe2 Qb1+ 32. Qe1 Qd3+ 33. Kg2 e5 34. e4 g5 35. h3 Kg6 36. Qe3 Qd7 37. Qc5 f6 38. b5 Kh5 39. Qc6 Qd3 40. b6 1-0

[Event "Josef Kupper Memorial 2019"]
[Site "Zurich"]
[Date "2019.08.18"]
[Round "7.11"]
[White "Karthik Venkataraman"]
[Black "Theodorou, Nikolas"]
[Result "1/2-1/2"]
[ECO "E73"]
[WhiteElo "2462"]
[BlackElo "2548"]
[Annotator "ChessBase"]
[PlyCount "105"]
[EventDate "2019.08.14"]
[EventType "swiss"]
[EventCountry "SUI"]
[SourceTitle "playchess.com"]
[Source "ChessBase"]
[SourceQuality "1"]
[TimeControl "40/5400+30:1800+30"]

1. d4 Nf6 2. c4 g6 3. Nc3 Bg7 4. e4 d6 5. Be2 O-O 6. Bg5 c6 7. Nf3 d5 8. e5 Ne4 9. Be3 Nxc3 10. bxc3 c5 11. O-O Nc6 12. cxd5 Qxd5 13. Qa4 cxd4 14. cxd4 Qa5 15. Qxa5 Nxa5 16. Rfc1 Bf5 17. Rc7 Rfc8 18. Rac1 Rxc7 19. Rxc7 Rc8 20. Rxc8+ Bxc8 21. d5 b6 22. Bg5 Bb7 23. d6 exd6 24. exd6 Bc6 25. Ba6 Kf8 26. Be7+ Ke8 27. Ne1 Bf8 28. Bxf8 Kxf8 29. Nd3 f6 30. Nb4 Ke8 31. Bc8 Bd7 32. Bxd7+ Kxd7 33. Nd5 Ke6 34. Nc7+ Kxd6 35. Nb5+ Kc5 36. Nxa7 Nc6 37. Nxc6 Kxc6 38. Kf1 Kc5 39. Ke2 Kb4 40. Kd3 Ka3 41. Kc4 Kxa2 42. Kb5 Kb3 43. Kxb6 Kc4 44. Kc6 Kd3 45. Kd5 Ke2 46. f4 Kf2 47. Ke6 f5 48. g4 fxg4 49. f5 g3 50. hxg3 gxf5 51. Kxf5 Kxg3 52. Kg5 h5 53. Kxh5 1/2-1/2

[Event "Josef Kupper Memorial 2019"]
[Site "Zurich"]
[Date "2019.08.18"]
[Round "7.12"]
[White "Hort, Vlastimil"]
[Black "Svane, Rasmus"]
[Result "1/2-1/2"]
[ECO "A40"]
[WhiteElo "2400"]
[BlackElo "2610"]
[Annotator "ChessBase"]
[PlyCount "78"]
[EventDate "2019.08.14"]
[EventType "swiss"]
[EventCountry "SUI"]
[SourceTitle "playchess.com"]
[Source "ChessBase"]
[SourceQuality "1"]
[TimeControl "40/5400+30:1800+30"]

1. c4 b6 2. d4 e6 3. Nf3 Bb7 4. Nc3 Bb4 5. Qc2 c5 6. dxc5 bxc5 7. a3 Ba5 8. Bd2 Nf6 9. e3 O-O 10. Be2 d6 11. O-O Nc6 12. Rfd1 Qe7 13. Be1 Rfd8 14. Rac1 h6 15. Nb5 Bxe1 16. Rxe1 Rab8 17. Red1 Ba8 18. Nd2 Ne5 19. Bf1 Rb6 20. Nc3 Bc6 21. Re1 Rdb8 22. b3 Nfg4 23. h3 Nf6 24. Na2 a5 25. Rb1 Qb7 26. Nc3 d5 27. cxd5 exd5 28. a4 Ne8 29. Nb5 Bxb5 30. axb5 Nd6 31. Qxc5 Nxb5 32. Rec1 Nd7 33. Qe7 Re6 34. Qh4 Qb6 35. Qa4 Nc5 36. Qxb5 Qxb5 37. Bxb5 Rxb5 38. Ra1 Reb6 39. Ra3 Nxb3 1/2-1/2

[Event "Josef Kupper Memorial 2019"]
[Site "Zurich"]
[Date "2019.08.18"]
[Round "7.13"]
[White "Puranik, Abhimanyu"]
[Black "Stysiak, Szymon"]
[Result "1-0"]
[ECO "C06"]
[WhiteElo "2550"]
[BlackElo "2162"]
[Annotator "ChessBase"]
[PlyCount "101"]
[EventDate "2019.08.14"]
[EventType "swiss"]
[EventCountry "SUI"]
[SourceTitle "playchess.com"]
[Source "ChessBase"]
[SourceQuality "1"]
[TimeControl "40/5400+30:1800+30"]

1. e4 e6 2. d4 d5 3. Nd2 Nf6 4. e5 Nfd7 5. Bd3 c5 6. c3 Nc6 7. Ne2 cxd4 8. cxd4 f6 9. exf6 Nxf6 10. O-O Bd6 11. Nf3 O-O 12. Bf4 Qc7 13. Bxd6 Qxd6 14. Qd2 e5 15. dxe5 Nxe5 16. Nxe5 Qxe5 17. f3 Bd7 18. Rfe1 Rfe8 19. Bc2 Qd6 20. Qd4 b6 21. Rac1 Rad8 22. Bd3 Re7 23. Red1 Kf8 24. a3 Rc8 25. Rxc8+ Bxc8 26. Rc1 Bf5 27. Nf4 Bxd3 28. Nxd3 Rc7 29. Rc3 Rxc3 30. Qxc3 Ke7 31. Qd4 Qc7 32. Qe3+ Kd6 33. g4 h6 34. Kf2 Kc6 35. Kg2 Kb5 36. h4 Qc2+ 37. Kg3 Qc7+ 38. Kh3 Qc4 39. Ne5 Qc2 40. b3 a5 41. a4+ Kb4 42. Qxb6+ Ka3 43. Qxa5 Qe2 44. Qc5+ Ka2 45. Qd4 g5 46. hxg5 hxg5 47. Kg3 Kxb3 48. Nd3 Kc2 49. Nf2 Qf1 50. Nh3 Kb3 51. Qxf6 1-0